AoeStats
← Iguano Pop

Arabia

507901161Analyzed
1v1 RM · 12d ago on Sep 20, 2026· 75m 38s· 2 players
Game mode
Random Map
Map size
Tiny (2 player)
Population
200
Speed
Normal
Resources
Standard
Victory
Conquest
Starting age
Dark Age
Ending age
Imperial Age
RankedLock teamsTeams togetherTeam positionsShared explorationLock speedFull tech treeHidden civsTurbo modeCheats
Victory
Defeat
🇻🇳 Vietnamese · Vietnam
1320
+17
🇲🇽 Bohemians · Mexico
1348
-17
MovableStatue95
6:02 Loom
8:53 Feudal Age
9:28 Double-Bit Axe
14:23 Horse Collar
16:26 Padded Archer Armor
16:17 Fletching
18:32 Wheelbarrow
23:00 Castle Age
22:15 Scale Mail Armor
23:06 Elite Skirmisher
23:45 Bodkin Arrow
24:18 Bow Saw
25:30 Leather Archer Armor
26:24 Heavy Plow
27:21 Thumb Ring
27:50 Hand Cart
28:03 Ballistics
27:39 Gold Mining
27:42 Stone Mining
27:38 Town Watch
35:20 Imperial Age
32:51 Town Patrol
34:47 Chain Mail Armor
42:36 Bracer
43:07 Ring Archer Armor
41:59 Imperial Skirmisher
45:45 Town Patrol
48:27 Ring Archer Armor
49:07 Chemistry
50:20 Elite Fire Lancer
51:40 Plate Mail Armor
52:14 Squires
52:29 Forging
54:05 Iron Casting
64:44 Siege Engineers
Iguano Pop
7:03 Loom
9:26 Feudal Age
10:18 Double-Bit Axe
16:27 Town Watch
17:52 Fletching
19:43 Padded Archer Armor
24:07 Castle Age
24:59 Crossbowman
26:01 Bodkin Arrow
26:34 Husbandry
33:06 Wheelbarrow
35:21 Ballistics
37:56 Masonry
39:53 Hand Cart
42:50 Chemistry
44:55 Imperial Age
43:50 Elite Skirmisher
45:42 Bracer
46:52 Leather Archer Armor
49:17 Chemistry
48:11 Cavalier
48:56 Scale Barding Armor
52:27 Chain Barding Armor
53:33 Forging
56:13 Iron Casting
56:38 Arbalester
59:04 Ring Archer Armor
58:50 Light Cavalry
60:31 Blast Furnace
60:05 Architecture
60:10 Conscription
62:55 Siege Engineers
64:19 Murder Holes
Connection lost

Rejoining the realm…

Still unreachable

The connection could not be restored.

Session expired

The server has moved on; the page needs a fresh start.